 Dungeon Crawl Stone Soup version 0.14.0-6-g1bc2dff (webtiles) character file.

7580 Kejsarherre the Cleaver (level 10, -5/85 HPs)
             Began as a Demonspawn Berserker on Apr 11, 2014.
             Was a High Priest of Trog.
             Slain by a shark (6 damage)
             ... on Level 9 of the Dungeon.
             The game lasted 00:33:50 (9481 turns).

Kejsarherre the Cleaver (Demonspawn Berserker)      Turns: 9481, Time: 00:33:51

HP  -5/85        AC 14     Str 20      XL: 10   Next: 80%
MP  10/10        EV  5     Int  8      God: Trog [*****.]
Gold 632         SH  0     Dex 14      Spells:  0 memorised,  9 levels left

rFire  . . .     SeeInvis .     v - +0 war axe
rCold  . . .     Clarity  .     E - +1 plate armour
rNeg   + . .     Conserve .     (no shield)
rPois  .         rCorr    .     (no helmet)
rElec  .         rRot     +     C - +0 cloak
SustAb . .       Spirit   .     (no gloves)
rMut   .         Warding  .     (no boots)
Saprov + . .     Stasis   .     (no amulet)
MR     +....                    q - ring of positive energy
                                w - ring of protection from magic

@: somewhat resistant to hostile enchantments, extremely unstealthy
A: hooves 1, rugged brown scales 1, foul stench 1, nightstalker 1, saprovore 1
a: Burn Spellbooks, Berserk, Trog's Hand, Brothers in Arms, Renounce Religion


You were on level 9 of the Dungeon.
You worshipped Trog.
Trog was extremely pleased with you.
You were not hungry.

You visited 1 branch of the dungeon, and saw 9 of its levels.

You collected 632 gold pieces.

Inventory:

Hand weapons
 a - a +1,+1 spear
 f - a +4,+1 hand axe of chopping
 v - a +0,+0 war axe (weapon)
 y - a +1,-1 anti-magic glaive
Armour
 C - a +0 cloak (worn)
 E - a +1 plate armour (worn)
Magical devices
 j - a wand of frost (8)
 n - a wand of invisibility (5) {unknown}
 A - a wand of polymorph (2)
Comestibles
 b - 2 meat rations
 c - 4 bread rations
 x - 5 royal jellies
 B - an apple
 G - 3 rotting chunks of orc flesh
Scrolls
 d - 2 scrolls of recharging
 k - 3 scrolls of remove curse
 m - 4 scrolls of teleportation
 r - a scroll of enchant armour
 t - a scroll of fog
 D - 2 scrolls of fear
Jewellery
 e - a cursed amulet of stasis
 p - an uncursed ring of teleportation
 q - a ring of positive energy (right hand)
 w - a ring of protection from magic (left hand)
Potions
 g - 2 potions of agility
 i - a potion of haste
 l - 2 potions of flight
 o - a potion of brilliance
 s - a potion of cure mutation
 u - 3 potions of restore abilities
 z - 2 potions of magic
 F - a potion of degeneration {unknown}


   Skills:
 + Level 9.0 Fighting
 * Level 12.5 Axes
 - Level 3.8 Polearms
 + Level 3.1 Armour
 - Level 1.7 Dodging


You had 9 spell levels left.
You didn't know any spells.

Dungeon Overview and Level Annotations

Branches:
Dungeon (9/15)             Temple (0/1) D:5             Orc (0/4) D:9
   Lair (0/8) D:8

Altars:
Dithmenos
Nemelex Xobeh
Okawaru
Sif Muna
Vehumet
Yredelemnul

Shops:
D:4 (


Innate Abilities, Weirdness & Mutations

You have large cloven feet.
You are partially covered in rugged brown scales (AC +1, +3% HP).
You emit a foul stench, and are resistant to rotting and decay.
You are slightly more attuned to the shadows.
You can tolerate rotten meat.


Message History

The shark is severely wounded.
You slash the shark!
The shark is severely wounded.
The shark bites you but does no damage. x2
The shark bites you! The shark bites you but does no damage.
You hit the shark. You kick the shark.
The shark is almost dead.
You hit the shark but do no damage.
The shark is severely wounded.
The shark bites you! The shark bites you.
You slash the shark!
The shark is almost dead.
Your plate armour prevents you from hitting the shark.
The shark is almost dead.
The shark bites you!
* * * LOW HITPOINT WARNING * * *
The shark bites you but does no damage. The shark bites you!
* * * LOW HITPOINT WARNING * * *
The shark bites you.
You die...

.........###.........# #.#
.........# ########### #.#
....))...# ≈≈≈≈## #.#
.....)...# ≈≈≈≈≈≈≈# #.#
##.###...# ≈≈≈≈≈≈≈## #.#
.........#≈≈≈≈≈≈≈;≈# #.#
##.####..#.≈.≈≈.%;≈# #.# #.#
#.>#...≈..;;%#######.####
##.####..##.....@.##..........#
..........#.......######......#
##.#####..##....[## #♣≈♣...#
...........##...## #.P≈...#
##.#####....#...# #≈P≈...# #.#
######..?# #♣≈....# #.# #...#
#.≈♣...# #.# #..## #......# #.#
#.## #......#


You could see 4 sharks.

Vanquished Creatures
  A hill giant (D:9)
  Pikel (D:7)
  A troll (D:9)
  A two-headed ogre (D:8)
  Prince Ribbit (D:7)
  7 yaks
  Eustachio (D:6)
  A steam dragon (D:9)
  A warg (D:9)
  Menkaure (D:6)
  5 orc warriors
  4 porcupines (D:8)
  A water moccasin (D:8)
  A phantom (D:7)
  A sky beast (D:6)
  3 ice beasts
  2 crocodiles (D:8)
  3 centaurs
  2 ogres
  A big kobold (D:5)
  2 giant frogs (D:6)
  3 scorpions
  2 crimson imps
  An orc priest (D:5)
  A giant frog zombie (D:6)
  8 orc wizards
  3 jellies (D:8)
  Natasha (twice) (D:4)
  3 iguanas
  8 worker ants
  A hound skeleton (D:9)
  11 gnolls
  4 green rats (D:8)
  12 adders
  3 shadow imps
  A giant mite (D:6)
  A white imp (D:4)
  4 worms
  An adder zombie (D:9)
  3 giant eyeballs
  5 giant geckos
  5 oozes (D:8)
  45 orcs
  A ball python (D:1)
  6 giant cockroaches
  23 hobgoblins
  3 jackals (D:3)
  6 quokkas
  9 bats
  5 giant newts
  2 giant spores
  47 goblins
  2 hobgoblin zombies
  9 kobolds
  An orc zombie (D:6)
  10 rats
  7 ballistomycetes
299 creatures vanquished.

Vanquished Creatures (collateral kills)
  A yak (D:7)
  A sky beast (D:9)
  3 big kobolds (D:5)
  A gnoll (D:5)
  A hobgoblin (D:5)
  2 kobolds (D:9)
9 creatures vanquished.

Vanquished Creatures (others)
  A slave (D:7)
  Natasha (D:4)
2 creatures vanquished.

Grand Total: 310 creatures vanquished

Notes
Turn   | Place    | Note
--------------------------------------------------------------
     0 | D:1      | Kejsarherre, the Demonspawn Berserker, began the quest for the Orb.
     0 | D:1      | Reached XP level 1. HP: 18/18 MP: 1/1
   401 | D:1      | Gained mutation: You can tolerate rotten meat. [demonic ancestry]
   401 | D:1      | Reached XP level 2. HP: 22/24 MP: 2/2
   585 | D:1      | Acquired Trog's second power
   723 | D:2      | Reached XP level 3. HP: 18/29 MP: 3/3
  1017 | D:2      | Found an iron altar of Okawaru.
  1239 | D:2      | Found a deep blue altar of Sif Muna.
  1283 | D:2      | Found a radiant altar of Vehumet.
  1516 | D:2      | Reached skill level 4 in Fighting
  1574 | D:2      | Reached XP level 4. HP: 25/37 MP: 4/4
  1919 | D:3      | Found a sparkling altar of Nemelex Xobeh.
  2358 | D:3      | Reached skill level 1 in Axes
  2414 | D:3      | Reached XP level 5. HP: 27/43 MP: 5/5
  2552 | D:4      | Reached skill level 5 in Fighting
  2639 | D:4      | Paralysed by a giant eyeball for 2 turns
  2646 | D:4      | Paralysed by a giant eyeball for 4 turns
  2672 | D:4      | Found Paevaesh's Weapon Shoppe.
  2679 | D:4      | Noticed Natasha
  2686 | D:4      | Killed Natasha
  2954 | D:4      | Gained mutation: You are partially covered in rugged brown scales (AC +1, +3% HP). [demonic ancestry]
  2954 | D:4      | Reached XP level 6. HP: 19/52 MP: 6/6
  3118 | D:4      | Noticed Natasha
  3129 | D:4      | Killed Natasha
  3134 | D:4      | Noticed Natasha
  3147 | D:4      | Killed Natasha
  3462 | D:5      | Entered Level 5 of the Dungeon
  3535 | D:5      | Acquired Trog's third power
  3876 | D:5      | Gained mutation: You emit a foul stench, and are resistant to rotting and decay. [demonic ancestry]
  3876 | D:5      | Reached XP level 7. HP: 37/58 MP: 7/7
  3880 | D:5      | Reached skill level 5 in Axes
  3883 | D:5      | Reached skill level 6 in Fighting
  4034 | D:5      | Received a gift from Trog
  4768 | D:5      | Found a staircase to the Ecumenical Temple.
  5043 | D:6      | Gained mutation: You have large cloven feet. [demonic ancestry]
  5043 | D:6      | Reached XP level 8. HP: 49/66 MP: 8/8
  5053 | D:6      | Noticed Menkaure
  5060 | D:6      | Killed Menkaure
  5088 | D:6      | Reached skill level 7 in Axes
  5357 | D:6      | Received a gift from Trog
  5385 | D:6      | Noticed Eustachio
  5402 | D:6      | Killed Eustachio
  5402 | D:6      | Reached skill level 8 in Axes
  5957 | D:7      | Reached skill level 9 in Axes
  6016 | D:7      | Reached XP level 9. HP: 62/74 MP: 9/9
  6092 | D:7      | Noticed Pikel
  6103 | D:7      | Killed Pikel
  6219 | D:7      | Found a basalt altar of Yredelemnul.
  6219 | D:7      | Found a shadowy altar of Dithmenos.
  6262 | D:7      | Noticed Prince Ribbit
  6453 | D:7      | Killed Prince Ribbit
  6453 | D:7      | Reached skill level 10 in Axes
  7074 | D:8      | Reached skill level 11 in Axes
  7081 | D:8      | Gained mutation: You are slightly more attuned to the shadows. [demonic ancestry]
  7081 | D:8      | Reached XP level 10. HP: 47/83 MP: 10/10
  7420 | D:8      | Found a staircase to the Lair.
  7884 | D:8      | Received a gift from Trog
  8207 | D:9      | Found a staircase to the Orcish Mines.
  8228 | D:9      | Reached skill level 12 in Axes
  8453 | D:9      | Paralysed by a giant eyeball for 4 turns
  8798 | D:9      | Noticed a hill giant
  8803 | D:9      | Killed a hill giant
  9481 | D:9      | HP: 1/85 [shark (21)]
  9481 | D:9      | Slain by a shark

Action                   |  1- 3 |  4- 6 |  7- 9 | 10-12 || total
-------------------------+-------+-------+-------+-------++-------
Melee: Spear             |   201 |    36 |       |       ||   237
       War axe           |       |   228 |   366 |   264 ||   858
       Glaive            |       |       |       |    14 ||    14
Invok: Trog's Hand       |       |     3 |     4 |     1 ||     8
       Berserk           |       |     3 |     5 |     2 ||    10
       Brothers in Arms  |       |       |     1 |     2 ||     3
       Burn Spellbooks   |       |       |       |     1 ||     1
Evoke: Wand              |       |       |     5 |     1 ||     6
  Use: Scroll            |     5 |     9 |     6 |     1 ||    21
       Potion            |       |     2 |     2 |     2 ||     6
